 Dungeon Crawl Stone Soup version 0.30.1-11-g7821555f0a (webtiles) character file.

Game seed: 17072718128780879572

1817 Destapler the Trooper (level 8, 67/67 HPs)
             Began as a Demonspawn Monk on Dec 1, 2023.
             Was an Initiate of Ashenzari.
             Got out of the dungeon alive.
             The game lasted 00:22:11 (6022 turns).

Destapler the Trooper (Demonspawn Monk)             Turns: 6022, Time: 00:22:12

Health: 67/67      AC:  5    Str: 15    XL:     8   Next: 85%
Magic:  8/8        EV: 15    Int: 11    God:    Ashenzari [......]
Gold:   426        SH:  0    Dex: 17    Spells: 7/7 levels left

rFire   + . .        l - +3 long sword (protect)
rCold   + . .        d - orb {light}
rNeg    . . .        b - +0 robe
rPois   .            k - +1 helmet of the Wild Blue Yonder {Self, Cun} (curse)
rElec   .            (no cloak)
rCorr   .            (no gloves)
SInv    .            s - +0 pair of boots
Will    .....        y - amulet of guardian spirit
Stlth   +            t - ring of protection from cold
HPRegen 0.31/turn    w - ring of protection from fire
MPRegen 0.11/turn

%: clarity, guardian spirit
@: glowing
A: demonic guardian 2, ignite blood 1, weakness stinger 1, clarity, mutation
resistance 1, strong 1
a: Renounce Religion, Curse Item, Shatter the Chains


You escaped.
You worshipped Ashenzari.
Ashenzari was noncommittal.
You visited 2 branches of the dungeon, and saw 7 of its levels.

You collected 426 gold pieces.

Inventory:

Hand Weapons
 a - a +0 mace
 l - a +3 long sword of protection (weapon)
Armour
 b - a +0 robe (worn)
 d - an orb of light (worn)
 k - the cursed +1 helmet of the Wild Blue Yonder (worn) {Self, Cun}
   (You found it on level 2 of the Dungeon)

   It has a curse which improves the following skills: Introspection: Fighting
   and Spellcasting.
   Cunning:   Dodging and Stealth.
 s - a +0 pair of boots (worn)
Jewellery
 t - a ring of protection from cold (left hand)
 w - a ring of protection from fire (right hand)
 y - an amulet of guardian spirit (around neck)
Scrolls
 h - 6 scrolls of teleportation
 i - a scroll of silence
 j - a scroll of magic mapping
 m - a scroll of identify
 o - 2 scrolls of fog
Potions
 c - a potion of lignification {unknown}
 e - a potion of heal wounds {unknown}
 f - 2 potions of flight {unknown}
 g - a potion of brilliance
 n - 4 potions of curing
 p - 2 potions of attraction {unknown}
 x - a potion of might {unknown}


   Skills:
 + Level 7.0(7.4) Fighting
 - Level 4.0 Long Blades
 - Level 4.0 Maces & Flails
 + Level 3.0 Armour
 - Level 5.9(6.3) Dodging
 + Level 3.2(3.6) Stealth


You had 7 spell levels left.
You didn't know any spells.
Your spell library contained the following spells:

 Spells                   Type           Power      Damage    Failure   Level
 Sting                    Tmut/Pois      0%         1d3       34%         1
 Poisonous Vapours        Pois/Air       0%         N/A       47%         2
 Stone Arrow              Conj/Erth      0%         3d7       71%         3
 Tukima's Dance           Hex            0%         N/A       71%         3
 Animate Armour           Summ/Erth      0%         N/A       98%         4
 Olgreb's Toxic Radiance  Pois           0%         N/A       98%         4
 Passage of Golubria      Tloc           0%         N/A       98%         4
 Iskenderun's Battlesphe  Conj           0%         2d6       100%        5
 Yara's Violent Unravell  Hex/Tmut       0%         3d3       100%        5
 Iron Shot                Conj/Erth      0%         9d1       100%        6
 Spellforged Servitor     Conj/Summ      0%         N/A       100%        7
 Lehudib's Crystal Spear  Conj/Erth      0%         10d2      100%        8


Dungeon Overview and Level Annotations

Branches:
Dungeon (6/15)             Temple (1/1) D:4

Altars:
Ashenzari
Cheibriados
Dithmenos
Fedhas
Hepliaklqana
Makhleb
Nemelex Xobeh
Okawaru
Ru
Vehumet
Wu Jian
Xom
Yredelemnul

Shops:
D:5 :


Innate Abilities, Weirdness & Mutations

A demonic guardian rushes to your aid.
Your demonic aura sometimes causes spilled blood to erupt in flames.
You have a small tail.
You possess an exceptional clarity of mind.
You are somewhat resistant to further mutation.
Your muscles are strong. (Str +4, Int/Dex -1)


Message History

You now have 413 gold pieces (gained 6).
You now have 426 gold pieces (gained 13).
Key pressed, stopping explore.
No target in view!
p - 2 coppery potions No target in view!
No target in view!
You open the door.
There is an open door here.
Key pressed, stopping explore.
No target in view!
Found 5 stones.
No target in view!
No target in view!
Found a sling.
No target in view!
Found 2 poisoned darts.
No target in view!
Ashenzari invites you to partake of a vision and a curse of ranged combat and evocations.
(D) Dungeon (T) Temple
Where to? (Enter - D:6, ? - help)
What level of the Dungeon? (default 1, ? - help)
There is a stone staircase leading up here.
You climb upwards.
There is a stone staircase leading down here.
There is a stone staircase leading up here.
You climb upwards.
There is a stone staircase leading down here.
There is a stone staircase leading up here.
You climb upwards.
There is a stone staircase leading down here.
There is a stone staircase leading up here.
You climb upwards.
There is a stone staircase leading down here.
There is a stone staircase leading up here.
You climb upwards.
There is a stone staircase leading down here.
There is a staircase leading out of the dungeon here.
Are you sure you want to leave the Dungeon?
This will make you lose the game!
You have escaped!

#.##.....#.# ##.##.#.#.#####
#.########.# #..#.#.#.# #.# #.#
##.....#.# ####'## #.# ###..>#.#
......#######.# #####.#####
..............# #......
......######### ####......
.........♣♣♣♣♣♣♣♣♣♣♣♣♣♣♣.##......
......#.........@..........).....
.....)##.♣♣♣♣♣♣♣♣♣♣♣♣♣♣♣.##......
......#### #####..... ......#
#..... ......# #..... ......#
#..... ......# #..... #######
#..... #....)


There were no monsters in sight!

Vanquished Creatures
  A wyvern (D:5)
  An orc warrior (D:6)
  An ice beast (D:5)
  A centaur (D:5)
  An ogre (D:4)
  A gnoll sergeant (D:4)
  4 necrophages (D:4)
  A scorpion (D:5)
  A howler monkey (D:5)
  A centaur zombie (D:4)
  2 orc priests
  3 gnoll boudas
  3 hounds
  Jessica (D:2)
  An iguana (D:2)
  A scorpion zombie (D:4)
  4 sleepcaps
  3 orc wizards
  9 adders
  19 gnolls
  2 white imps
  An ufetubus (D:4)
  An adder zombie (D:4)
  A worm (D:2)
  A dart slug (D:3)
  19 orcs
  7 bats
  9 endoplasms
  4 giant cockroaches
  6 goblins
  4 hobgoblins
  6 jackals (D:1)
  6 kobolds
  2 quokkas
  6 ball pythons
  4 frilled lizards
  A quokka zombie (D:4)
  4 rats
  A rat zombie (D:4)
144 creatures vanquished.

Vanquished Creatures (collateral kills)
  2 orcs
2 creatures vanquished.

Grand Total: 146 creatures vanquished

Notes
Turn   | Place    | Note
-------+----------+-------------------------------------------
     0 | D:1      | Destapler the Demonspawn Monk began the quest for the Orb.
     0 | D:1      | Reached XP level 1. HP: 18/18 MP: 1/1
    91 | D:1      | Gained mutation: Your demonic aura sometimes causes spilled
                  | blood to erupt in flames. [demonic ancestry]
    91 | D:1      | Reached XP level 2. HP: 24/24 MP: 2/2
   656 | D:1      | Gained mutation: You have a small tail. [demonic ancestry]
   656 | D:1      | Reached XP level 3. HP: 22/29 MP: 3/3
  1048 | D:2      | Reached XP level 4. HP: 20/37 MP: 4/4
  1436 | D:2      | Noticed Jessica
  1439 | D:2      | Killed Jessica
  1912 | D:3      | Reached skill level 4 in Fighting
  2101 | D:3      | Gained mutation: A weak demonic guardian rushes to your
                  | aid. [demonic ancestry]
  2101 | D:3      | Reached XP level 5. HP: 40/42 MP: 5/5
  2783 | D:4      | Reached XP level 6. HP: 34/49 MP: 6/6
  2959 | D:4      | Reached skill level 1 in Long Blades
  2994 | D:4      | Reached skill level 5 in Fighting
  3074 | D:4      | Found a staircase to the Ecumenical Temple.
  3246 | D:4      | Gained mutation: A demonic guardian rushes to your aid.
                  | [demonic ancestry]
  3246 | D:4      | Reached XP level 7. HP: 56/56 MP: 7/7
  3420 | D:4      | Reached skill level 5 in Dodging
  3483 | D:4      | Found a blossoming altar of Fedhas.
  3939 | D:5      | Entered Level 5 of the Dungeon
  3958 | Temple   | Entered the Ecumenical Temple
  4038 | Temple   | Became a worshipper of Ashenzari the Shackled
  4079 | D:5      | Reached skill level 6 in Fighting
  4126 | D:5      | Found Ockeloev's Tremendous Tomes.
  4177 | D:5      | Reached XP level 8. HP: 50/64 MP: 8/8
  4277 | D:5      | Reached skill level 1 in Armour
  4277 | D:5      | Reached skill level 1 in Stealth
  4978 | D:5      | Found a burning altar of Makhleb.
  4991 | D:5      | Gained mutation: Your magical capacity is low. (-10% MP)
                  | [potion of mutation]
  4991 | D:5      | Gained mutation: Your flesh is heat resistant. (rF+)
                  | [potion of mutation]
  4992 | D:5      | Lost mutation: Your magical capacity is low. (-10% MP)
                  | [potion of mutation]
  4992 | D:5      | Lost mutation: Your flesh is heat resistant. (rF+) [potion
                  | of mutation]
  4992 | D:5      | Gained mutation: Armour fits poorly on your strangely
                  | shaped body. [potion of mutation]
  4993 | D:5      | Lost mutation: Armour fits poorly on your strangely shaped
                  | body. [potion of mutation]
  4993 | D:5      | Gained mutation: You are weak. (Str -2) [potion of
                  | mutation]
  4993 | D:5      | Lost mutation: You are weak. (Str -2) [potion of mutation]
  4994 | D:5      | Gained mutation: You possess an exceptional clarity of
                  | mind. [potion of mutation]
  4994 | D:5      | Gained mutation: You are somewhat resistant to further
                  | mutation. [potion of mutation]
  4994 | D:5      | Gained mutation: Your muscles are strong. (Str +4, Int/Dex
                  | -1) [potion of mutation]
  5577 | D:6      | Reached skill level 7 in Fighting
  6022 | D:$      | Got out of the dungeon alive.

Illustrated notes

Levels and vault maps discovered:
D:1:      eino_arrival_tree_alley, layout_basic, hangedman_decor_lopped
D:2:      layout_loops_ring, minmay_split_cup_large, uniq_jessica
D:3:      layout_basic
D:4:      layout_loops_cross, fedhas_altar_decomposition,
          minmay_temple_entry_overgrown, enter_ossuary_4, minmay_joined_circles
D:5:      layout_cave_pods, kennysheep_mini, nicolae_shop_i_like_big_books
D:6:      layout_basic, kennysheep_generic_room_5
Temple:   nicolae_temple_hex_pool

Skill      XL: |  1  2  3  4  5  6  7  8 |
---------------+-------------------------+-----
Maces & Flails | 3 4 |  4.0
Dodging        | 3 4 5 |  5.9
Fighting       | 4 5 6 7 |  7.0
Long Blades    | 2 3 4 |  4.0
Armour         | 3 |  3.0
Stealth        | 3 |  3.2

Action                     |  1- 3 |  4- 6 |  7- 9 || total
---------------------------+-------+-------+-------++-------
  Melee: Mace              |    90 |    15 |       ||   105
         Tailslap          |     1 |    18 |    44 ||    63
         Long sword        |       |   115 |   198 ||   313
 Invoke: Curse Item        |       |       |     1 ||     1
    Use: Scroll            |       |     1 |    13 ||    14
         Potion            |       |     1 |     4 ||     5
 Armour: Robe              |    17 |    45 |    71 ||   133
  Dodge: Dodged            |    97 |   115 |   174 ||   386
